 Dungeon Sprint DCSS version 0.30-a0-918-g0ff054e9dc (webtiles) character file.

Game seed: 13537085178263021408

1200000 BigDaddyOpFi the Nimble (level 13, -21/101 HPs)
             Began as a Djinni Warper on Mar 20, 2023.
             Was a Follower of Makhleb.
             Demolished by a meat berserker
             ... wielding a +9 battleaxe
              (54 damage)
             ... in the Dungeon (Sprint VIII: "Arena of Blood").
             The game lasted 00:00:13 (12 turns).

BigDaddyOpFi the Nimble (Djinni Warper)               Turns: 12, Time: 00:00:14

Health: -21/101    AC:  4    Str: 10    XL:     13   Next: 64%
Gold:   0          EV: 19    Int: 16    God:    Makhleb [*.....] SH:  0 Dex: 17

rFire   + + .      SeeInvis .    h - +∞ Axe of Woe
rCold   x . .      Faith    .    (shield currently unavailable)
rNeg    . . .      Spirit   .    a - +0 leather armour
rPois   ∞          Reflect  .    (no helmet)
rElec   .          Rampage  .    (no cloak)
rCorr   .          NoTele   +    (no gloves)
Will    +....                    (boots unavailable)
Stlth   +++++                    (no amulet)
HPRegen 0.36/turn                (no ring)
MPRegen 0.00/turn                (no ring)

@: flying
A: sickness immunity, fire resistance 2, cold vulnerability 1, float, innate
caster, HP casting, extra vitality 1
a: Renounce Religion


You were in the Dungeon.
You worshipped Makhleb.
Makhleb was aware of your devotion.
You visited 1 branch

Inventory:

Hand Weapons
 h - the +∞ Axe of Woe (weapon)
   (You found it in the Dungeon)
Missiles
 c - 7 boomerangs of dispersal (quivered)
Armour
 a - a +0 leather armour (worn)
Scrolls
 b - 2 scrolls of blinking
Potions
 d - a potion of curing
 e - a potion of heal wounds
 f - a potion of haste
 g - a potion of berserk rage


   Skills:
 + Level 12.2 Fighting
 + Level 10.2 Axes
 + Level 10.2 Throwing
 + Level 12.1 Armour
 + Level 13.2 Dodging
 + Level 11.0 Stealth
 + Level 12.1 Unarmed Combat
 + Level 9.7 Spellcasting
 + Level 12.0 Invocations


You knew the following spells:

 Your Spells              Type           Power      Damage    Failure   Level
a - Blink                 Tloc           78%        N/A       1%          2
b - Lesser Beckoning      Tloc           78%        N/A       1%          2
c - Vhi's Electric Charg  Tloc/Air       78%        N/A       1%          3
d - Teleport Other        Tloc           39%        N/A       1%          3
e - Manifold Assault      Tloc           39%        N/A       1%          4
f - Freeze                Ice            100%       1d10      1%          1
g - Ensorcelled Hibernat  Hex/Ice        78%        N/A       1%          2
h - Spider Form           Tmut/Pois      39%        N/A       1%          3
i - Passage of Golubria   Tloc           39%        N/A       1%          4
j - Iskenderun's Mystic   Conj/Tloc      39%        2d9       1%          4
k - Summon Mana Viper     Hex/Summ       39%        N/A       6%          5
Your spell library was empty.

Dungeon Overview and Level Annotations

Branches:
Dungeon (1/1)

Altars:
Makhleb


Innate Abilities, Weirdness & Mutations

You are immune to sickness and miasma.
You are immune to poison.
Your flesh is very heat resistant. (rF++)
You are vulnerable to cold. (rC-)
You float through the air rather than walking.
You learn spells naturally, not from books.
Your magical power is your life essence.
You have superior vitality. (+4 MHP)


Message History

Makhleb accepts your kill.
You hear a shout!
A meat berserker comes into view. It is wielding a +9 battleaxe.
You hear a shout! x6
A meat berserker comes into view. It is wielding a +9 battleaxe.
You hear a shout! x2
Your Fighting skill gained 2 levels and is now at level 12!
Your Axes skill gained 2 levels and is now at level 10!
Your Throwing skill gained 2 levels and is now at level 10!
Your Armour skill gained 2 levels and is now at level 12!
Your Dodging skill gained 2 levels and is now at level 13!
Your Stealth skill gained 2 levels and is now at level 11!
Your Unarmed Combat skill gained 2 levels and is now at level 12!
Your Spellcasting skill increases to level 9!
Your Invocations skill gained 2 levels and is now at level 12!
You have reached level 13!
The power to cast Summon Mana Viper wells up from within.
Spell assigned to 'k'.
Unknown command.
You hear a shout! x3
The meat berserker rages.
You hear a shout!
A bag of meat comes into view. It is wielding a +9 war axe.
You hear a shout! x3
Unknown command.
You slice the meat berserker!!
You slaughter the meat berserker joyfully.
You kill the meat berserker!
Makhleb accepts your kill.
You hear a shout! x2
The meat berserker rages.
You hear a shout! x3
A bag of meat comes into view. It is wielding a +9 war axe.
You hear a shout! x4
The meat berserker rages.
The meat berserker hits you with a +9 battleaxe!!!
Ouch! That really hurt!
The meat berserker hits you with a +9 battleaxe!!!
Ouch! That really hurt!
You die...

.. ..... #.
...# #.. ...# .
.###.. ...###..
......###......
......_.....
#..)..# #_.@O_#
#.)OO.#
......_.....
......###......
.###.. .O.###..
#.. ...# . #.
...# .. ....o


You could see 4 meat berserkers and a bag of meat.

Vanquished Creatures
  2 ogres (D)
  2 orcs (D)
4 creatures vanquished.

Notes
Turn   | Place    | Note
-------+----------+-------------------------------------------
     0 | D        | Found the +∞ Axe of Woe
     0 | D        | BigDaddyOpFi the Djinni Warper began the quest for the Orb.
     0 | D        | BigDaddyOpFi set off with the following spells memorised:
                  | Blink, Lesser Beckoning, Vhi's Electric Charge, Teleport
                  | Other, Manifold Assault.
     0 | D        | Reached XP level 1. HP: 18/18 MP: 0/0
     2 | D        | Noticed a bag of meat
     2 | D        | Noticed a bag of meat
     4 | D        | Became a worshipper of Makhleb the Destroyer
     8 | D        | Noticed a meat berserker
     9 | D        | Killed a bag of meat
     9 | D        | Killed a bag of meat
     9 | D        | Reached * piety under Makhleb
     9 | D        | Noticed a meat berserker
     9 | D        | Noticed a meat berserker
     9 | D        | Noticed a meat berserker
    10 | D        | Reached skill level 10 in Fighting
    10 | D        | Reached skill level 10 in Armour
    10 | D        | Reached skill level 11 in Dodging
    10 | D        | Reached skill level 10 in Unarmed Combat
    10 | D        | Reached skill level 10 in Invocations
    10 | D        | Reached XP level 2. HP: 36/36 MP: 0/0
    10 | D        | Reached XP level 3. HP: 41/41 MP: 0/0
    10 | D        | Learned a level 1 spell: Freeze
    10 | D        | Reached XP level 4. HP: 47/47 MP: 0/0
    10 | D        | Reached XP level 5. HP: 52/52 MP: 0/0
    10 | D        | Learned a level 2 spell: Ensorcelled Hibernation
    10 | D        | Reached XP level 6. HP: 58/58 MP: 0/0
    10 | D        | Reached XP level 7. HP: 64/64 MP: 0/0
    10 | D        | Learned a level 3 spell: Spider Form
    10 | D        | Reached XP level 8. HP: 69/69 MP: 0/0
    10 | D        | Reached XP level 9. HP: 75/75 MP: 0/0
    10 | D        | Learned a level 4 spell: Passage of Golubria
    10 | D        | Reached XP level 10. HP: 81/81 MP: 0/0
    10 | D        | Reached XP level 11. HP: 86/86 MP: 0/0
    10 | D        | Learned a level 4 spell: Iskenderun's Mystic Blast
    10 | D        | Reached XP level 12. HP: 92/92 MP: 0/0
    10 | D        | Killed a meat berserker
    10 | D        | Noticed a meat berserker
    10 | D        | Noticed a meat berserker
    11 | D        | Reached skill level 10 in Axes
    11 | D        | Reached skill level 10 in Throwing
    11 | D        | Reached skill level 13 in Dodging
    11 | D        | Reached XP level 13. HP: 101/101 MP: 0/0
    11 | D        | Learned a level 5 spell: Summon Mana Viper
    11 | D        | Noticed a bag of meat
    12 | D        | Killed a meat berserker
    12 | D        | Noticed a bag of meat
    12 | D        | Demolished by a meat berserker

Illustrated notes

Levels and vault maps discovered:
D:        meatsprint

Skill      XL: |  1  2  3  4  5  6  7  8  9 10 11 12 |
---------------+-------------------------------------+-----
Fighting       | 10 12 | 12.2
Axes           | 8 10 | 10.2
Throwing       | 8 10 | 10.2
Armour         | 10 12 | 12.1
Dodging        | 11 13 | 13.2
Stealth        | 9 11 | 11.0
Unarmed Combat | 10 12 | 12.1
Spellcasting   | 8 9 |  9.7
Invocations    | 10 12 | 12.0

Action                     |  1- 3 |  4- 6 |  7- 9 | 10-12 | 13-15 || total
---------------------------+-------+-------+-------+-------+-------++-------
  Melee: Executioner's axe |     1 |       |       |     1 |     1 ||     3

Table legend: (Time is in decaauts)
 A = Elapsed time spent in this place.
 B = Non-inter-level travel time spent in this place.
 C = Inter-level travel time spent in this place.
 D = Time resting spent in this place.
 E = Time spent auto-exploring this place.
 F = Levels seen in this place.
 G = Mean time per level.
                   A        B        C        D        E       F      G
               +--------+--------+--------+--------+--------+-----+--------+
         Total |     12 |     12 |      0 |      0 |      0 |   1 |   12.0 |
       Dungeon |     12 |     12 |      0 |      0 |      0 |   1 |   12.0 |
               +--------+--------+--------+--------+--------+-----+--------+

Top non-repeatable levels by time:
       D: 12 daAuts
